 Dungeon Crawl Stone Soup version 0.29.1-15-g9cfb28693d (webtiles) character file.

Game seed: 2040934085953581431

233 safid the Chiller (level 6, -2/60 (70) HPs)
             Began as a Merfolk Ice Elementalist on Feb 23, 2023.
             Slain by Edmund
             ... wielding a +4 flail of draining
              (5 damage)
             ... on level 3 of the Dungeon.
             The game lasted 00:07:56 (3178 turns).

safid the Chiller (Merfolk Ice Elementalist)        Turns: 3178, Time: 00:07:57

HP:   -2/60 (70)    AC:  8    Str:  8    XL:     6   Next: 5%
MP:   9/11          EV: 13    Int: 16    God:
Gold: 278           SH:  0    Dex: 15    Spells: 5/12 levels left

rFire   . . .      SeeInvis .   j - +2 hand axe (holy)
rCold   . . .      Faith    .   (no shield)
rNeg    . . .      Spirit   .   a - +0 robe
rPois   .          Reflect  .   (no helmet)
rElec   .          Harm     .   (no cloak)
rCorr   .          Rampage  .   (no gloves)
Will    .....                   (no boots)
Stlth   ..........              g - amulet of magic regeneration
HPRegen 0.20/turn               (no ring)
MPRegen 0.52/turn               (no ring)

@: berserking, ice-armoured, freezing walls, heavily drained, very quick
A: (nimble swimmer 2), mertail
a: no special abilities


You were on level 3 of the Dungeon.
You visited 1 branch of the dungeon, and saw 5 of its levels.

You collected 278 gold pieces.

Inventory:

Hand Weapons
 j - a +2 hand axe of holy wrath (weapon)
Armour
 a - a +0 robe (worn)
Jewellery
 g - an amulet of magic regeneration (around neck)
 q - a ring of flight
Scrolls
 c - 5 scrolls of identify {unknown}
 d - 2 scrolls of amnesia {unknown}
 e - a scroll of noise {unknown}
 f - a scroll of enchant weapon {unknown}
 i - a scroll of magic mapping {unknown}
Potions
 b - a potion of magic
 h - a potion of cancellation {unknown}
 k - a potion of might {unknown}
 l - a potion of lignification {unknown}
 m - a potion of resistance {unknown}
 n - a potion of ambrosia {unknown}
 o - a potion of heal wounds {unknown}
 r - a potion of invisibility {unknown}
 s - a potion of curing {unknown}


   Skills:
 + Level 3.3 Fighting
 - Level 3.0 Dodging
 - Level 2.2 Stealth
 + Level 3.5 Spellcasting
 + Level 5.6 Ice Magic


You had 5 spell levels left.
You knew the following spells:

 Your Spells              Type           Power      Damage    Failure   Level
a - Freeze                Ice            80%        1d9       1%          1
b - Frozen Ramparts       Ice            40%        1d7       5%          3
c - Ozocubu's Armour      Ice            20%        N/A       5%          3

Your spell library contained the following spells:

 Spells                   Type           Power      Damage    Failure   Level
 Shock                    Conj/Air       8%         1d3       19%         1
 Swiftness                Air            2%         N/A       47%         3
 Hailstorm                Conj/Ice       11%        3d5       50%         4
 Airstrike                Air            1%         2d(1-17)  87%         4


Dungeon Overview and Level Annotations

Branches:
Dungeon (5/15)
 Temple: D:4-7

Altars:
Fedhas

Annotations:
D:3 Edmund


Innate Abilities, Weirdness & Mutations

((You are very nimble when in or above water. (Stealth+, EV+, Speed+++)))
Your lower body shifts to a powerful aquatic tail in water.


Message History

Edmund closely misses you.
Unknown command.
Casting: Frozen Ramparts (dangerous; 5% risk of failure)
Confirm with . or Enter, or press ? or * to list all spells.
A film of ice covers your body!
The wall freezes Edmund but does no damage.
Edmund hits you with a +4 flail of draining.
You feel drained.
Edmund resists.
The wall freezes Edmund.
Edmund hits you with a +4 flail of draining!
You feel drained.
* * * LOW HITPOINT WARNING * * *
Unknown command.
It was a potion of berserk rage.
A red film seems to cover your vision as you go berserk!
You feel yourself moving faster!
You feel mighty!
Edmund resists.
The wall freezes Edmund.
Edmund misses you.
Unknown command.
You hit Edmund.
Edmund is lightly wounded.
The wall freezes Edmund but does no damage.
Edmund says, "What use are spells, anyway?"
Edmund closely misses you.
Unknown command.
You hit Edmund.
Edmund is moderately wounded.
The wall freezes Edmund but does no damage.
Edmund barely misses you.
You hit Edmund.
Edmund is moderately wounded.
Edmund resists.
The wall freezes Edmund.
Edmund hits you with a +4 flail of draining!
* * * LOW HITPOINT WARNING * * *
You feel drained.
* * * LOW HITPOINT WARNING * * *
You slash Edmund!
Edmund is severely wounded.
The wall freezes Edmund but does no damage.
Edmund hits you with a +4 flail of draining.
You die...

#.##
#.#..................#
..##
#.#..................#
...#
#.##................##
...#
#..##.......[......##
...#
#...##......^.....##
...#
#....##..........##
...#
#.....##........##
...# #.....@##########
...# #.....@.# ...#
######### ####


You could see Edmund.

Vanquished Creatures
  2 orc priests (D:3)
  An iguana (D:4)
  Terence (D:2)
  5 adders
  2 worms (D:2)
  2 dart slugs (D:1)
  4 orcs (D:3)
  5 endoplasms
  4 giant cockroaches
  4 goblins
  4 hobgoblins
  8 kobolds
  4 quokkas
  2 ball pythons (D:1)
  8 bats
  2 frilled lizards
  7 rats
65 creatures vanquished.

Notes
Turn   | Place    | Note
-------+----------+-------------------------------------------
     0 | D:1      | safid the Merfolk Ice Elementalist began the quest for the
                  | Orb.
     0 | D:1      | Reached XP level 1. HP: 13/13 MP: 3/3
   171 | D:1      | Reached XP level 2. HP: 19/20 MP: 1/5
   455 | D:1      | Reached skill level 1 in Fighting
   568 | D:1      | Reached XP level 3. HP: 24/26 MP: 6/6
   919 | D:1      | Found a faded altar of an unknown god.
  1145 | D:1      | Learned a level 3 spell: Frozen Ramparts
  1149 | D:1      | Learned a level 3 spell: Ozocubu's Armour
  1498 | D:2      | Noticed Terence
  1513 | D:2      | Killed Terence
  1514 | D:2      | Reached skill level 5 in Ice Magic
  1514 | D:2      | Reached XP level 4. HP: 16/33 MP: 0/8
  2283 | D:2      | Identified the +2 ring mail "Depiak" {rN+ Will- rCorr}
  2557 | D:3      | Reached XP level 5. HP: 17/40 MP: 5/9
  3094 | D:3      | You fall into a shaft and drop 2 floors!
  3094 | D:5      | Entered Level 5 of the Dungeon
  3104 | D:4      | Found a blossoming altar of Fedhas.
  3112 | D:4      | Reached XP level 6. HP: 47/47 MP: 8/11
  3129 | D:4      | Noticed Edmund
  3177 | D:3      | HP: 3/60 [Edmund/+4 flail of draining (5)]
  3178 | D:3      | Slain by Edmund

Illustrated notes

Levels and vault maps discovered:
D:1:      evilmike_arrival_fibonacci_small, layout_basic,
          hellmonk_ecumenical_altar_inner_sanctum, moated_statue, minmay_vboxes
D:2:      layout_loops_ring, hangedman_decor_growths, uniq_terence
D:3:      kennysheep_big_flooded_room, layout_rooms,
          nicolae_overflow_hidden_temple, nicolae_sif_muna_little_library,
          minmay_misc_feat_roman
D:4:      minmay_general_purpose_star, layout_basic, overflow_temple_1_default,
          due_unseen_surprise, uniq_edmund
D:5:      layout_basic, tgw_kikubaaqudgha, mainiacjoe_overflow_six_doors_small,
          old_standard_altar, minmay_temple_entry_drinking_statues,
          uniq_crazy_yiuf_cottage, uniq_sigmund

Skill      XL: |  1  2  3  4  5 |
---------------+----------------+-----
Dodging        | 3 |  3.0
Fighting       | 1 2 3 |  3.3
Ice Magic      | 5 |  5.6
Spellcasting   | 3 |  3.5
Stealth        | |  2.2

Action                   |  1- 3 |  4- 6 || total
-------------------------+-------+-------++-------
Melee: Unarmed           |     3 |       ||     3
       Dagger            |    42 |       ||    42
       Punch             |     1 |       ||     1
       Hand axe          |     3 |    27 ||    30
 Cast: Freeze            |    43 |    40 ||    83
       Frozen Ramparts   |     1 |     4 ||     5
       Ozocubu's Armour  |     1 |     2 ||     3
  Use: Potion            |       |     1 ||     1
 Stab: Sleeping          |     8 |       ||     8
Armor: Robe              |    11 |    16 ||    27
Dodge: Dodged            |    58 |    51 ||   109
